 Dungeon Crawl Stone Soup version 0.26-a0-778-g3fe0686644 (webtiles) character file.

Game seed: 16663232432231236720

81 Cydore the Conjurer (level 4, -5/33 HPs)
             Began as a Draconian Conjurer on Nov 10, 2020.
             Was an Initiate of Fedhas.
             Slain by Crazy Yiuf
             ... wielding a +2 quarterstaff of chaos
              (15 damage)
             ... on level 2 of the Dungeon.
             The game lasted 00:22:20 (1787 turns).

Cydore the Conjurer (Draconian Conjurer)            Turns: 1787, Time: 00:22:21

Health: -5/33      AC:  6    Str:  9    XL:     4   Next: 19%
Magic:  4/7        EV: 12    Int: 19    God:    Fedhas [......]
Gold:   80         SH:  0    Dex: 10    Spells: 4/7 levels left

rFire    . . .     SeeInvis .   g - +2 whip (drain)
rCold    . . .     Faith    .   (no shield)
rNeg     . . .     Spirit   .   (armour unavailable)
rPois    .         Reflect  .   (helmet restricted)
rElec    .         Harm     .   (no cloak)
rCorr    .         Rampage  .   (no gloves)
MR       .....                  b - +0 pair of boots
Stlth    +++.......             (no amulet)
HPRegen  0.11/turn              m - ring of stealth
MPRegen  0.10/turn              (no ring)

@: very slightly contaminated
A: unfitting armour, cold-blooded, AC +5
a: Renounce Religion


You were on level 2 of the Dungeon.
You worshipped Fedhas.
Fedhas was noncommittal.
You visited 1 branch of the dungeon, and saw 2 of its levels.

You collected 80 gold pieces.

Inventory:

Hand Weapons
 c - a +0 hand axe
 d - a +0 club
 f - a +0 short sword
 g - a +2 whip of draining (weapon)
 k - a +0 hand axe
Missiles
 l - 35 poisoned darts (quivered)
Armour
 b - a +0 pair of boots (worn)
Jewellery
 m - a ring of stealth (left hand)
Scrolls
 a - a scroll of magic mapping {unknown}
 e - a scroll of blinking {unknown}
 i - a scroll of noise {unknown}
 n - a scroll of enchant armour {unknown}
Potions
 h - a potion of curing {unknown}
 j - a potion of brilliance
 o - a potion of resistance


   Skills:
 + Level 0.1 Maces & Flails
 + Level 2.3 Dodging
 + Level 2.2 Stealth
 + Level 2.2 Spellcasting
 + Level 5.1 Conjurations


You had 4 spell levels left.
You knew the following spells:

 Your Spells              Type           Power        Failure   Level
a - Magic Dart            Conj           ###.         1%          1
b - Searing Ray           Conj           ###...       3%          2

Your spell library contained the following spells:

 Spells                   Type           Power        Failure   Level
 Dazzling Flash           Conj/Hex       ##....       17%         3
 Fulminant Prism          Conj/Hex       ##........   50%         4
 Iskenderun's Mystic Bla  Conj/Tloc      ##......     50%         4


Dungeon Overview and Level Annotations

Branches:
Dungeon (2/15)

Altars:
Fedhas
Qazlal

Annotations:
D:2 Crazy Yiuf


Innate Abilities, Weirdness & Mutations

Your plain brown scales are hard. (AC +5)
You cannot fit into any form of body armour.
You are cold-blooded and may be slowed by cold attacks.


Message History

Casting: Magic Dart (safe; 1% risk of failure)
Confirm with . or Enter, or press ? or * to list all spells.
Aiming: Magic Dart (safe; 1% risk of failure)
Press: ? - help, Shift-Dir - straight line, f/p - Crazy Yiuf
Aim: Crazy Yiuf, wielding a +2 quarterstaff of chaos and wearing a +2 cloak (lightly wounded)
The magic dart hits Crazy Yiuf.
Crazy Yiuf is moderately wounded.
Crazy Yiuf misses you.
Casting: Magic Dart (safe; 1% risk of failure)
Confirm with . or Enter, or press ? or * to list all spells.
Aiming: Magic Dart (safe; 1% risk of failure)
Press: ? - help, Shift-Dir - straight line, f/p - Crazy Yiuf
Aim: Crazy Yiuf, wielding a +2 quarterstaff of chaos and wearing a +2 cloak (moderately wounded)
You miscast Magic Dart.
You are very lightly contaminated with residual magic.
Nothing appears to happen.
Crazy Yiuf hits you with a +2 quarterstaff of chaos!
You are electrocuted!
You die...
Fedhas appreciates your contribution to the ecosystem.

###########
#...
#.........#
#.#.
#.#######.#
#.#. #[# #.#
#.#. ### #.#
#.#.
###.####.#.
#####
#......#.#.
#..g#
##.#†##.....
#.@.#
#..#.##.....
#...#
####.##.....
##'##
####.##.....
##.#
#....##.....
#.##
#######.#.#.
##.# #.#.#.
#.##
#######.....
##.##
#.....)...#.
#.#P##
#...........


You could see Crazy Yiuf.

Vanquished Creatures
  Terence (D:2)
  2 adders (D:2)
  2 worms (D:2)
  A leopard gecko (D:1)
  A ball python (D:2)
  A giant cockroach (D:2)
  3 goblins
  4 hobgoblins
  3 jackals (D:2)
  4 bats
  3 frilled lizards
  5 kobolds
  4 rats
34 creatures vanquished.

Notes
Turn   | Place    | Note
-------+----------+-------------------------------------------
     0 | D:1      | Cydore the Draconian Conjurer began the quest for the Orb.
     0 | D:1      | Reached XP level 1. HP: 14/14 MP: 3/3
   608 | D:1      | Reached XP level 2. HP: 20/20 MP: 3/5
   621 | D:2      | Noticed Terence
   700 | D:2      | Killed Terence
   700 | D:2      | Reached XP level 3. HP: 14/26 MP: 0/6
   774 | D:2      | Learned a level 2 spell: Searing Ray
   876 | D:2      | Found a blossoming altar of Fedhas.
   882 | D:2      | Reached skill level 5 in Conjurations
   910 | D:2      | Became a worshipper of Fedhas Madash
  1066 | D:2      | Reached XP level 4. HP: 33/33 MP: 5/7
  1098 | D:2      | Found a stormy altar of Qazlal.
  1453 | D:2      | Found a runed translucent door.
  1454 | D:2      | Noticed Crazy Yiuf
  1787 | D:2      | Slain by Crazy Yiuf

Illustrated notes

Levels and vault maps discovered:
D:1:      arrival_zaba_pyramid, layout_basic
D:2:      layout_loops_ring, fedhas_altar_2, nicolae_qazlal_eye_of_the_storm,
          uniq_crazy_yiuf_cottage, uniq_terence

Skill      XL: |  1  2  3 |
---------------+----------+-----
Dodging        | 2 |  2.3
Stealth        | 2 |  2.2
Conjurations   | 5 |  5.1
Maces & Flails | |  0.1
Spellcasting   | |  2.2

Action                   |  1- 3 |  4- 6 || total
-------------------------+-------+-------++-------
Melee: Short sword       |    17 |       ||    17
       Club              |     5 |       ||     5
       Tailslap          |     3 |     2 ||     5
       Whip              |    29 |    11 ||    40
 Cast: Magic Dart        |    35 |    15 ||    50
       Searing Ray       |     1 |       ||     1
  Use: Potion            |       |     2 ||     2
 Stab: Sleeping          |     1 |       ||     1
Armor: Skin              |    30 |    11 ||    41
Dodge: Dodged            |    56 |    13 ||    69

Table legend: (Time is in decaauts)
 A = Elapsed time spent in this place.
 B = Non-inter-level travel time spent in this place.
 C = Inter-level travel time spent in this place.
 D = Time resting spent in this place.
 E = Time spent auto-exploring this place.
 F = Levels seen in this place.
 G = Mean time per level.
                   A        B        C        D        E       F      G
               +--------+--------+--------+--------+--------+-----+--------+
         Total |   1801 |   1801 |      0 |    480 |    491 |   2 |  900.5 |
       Dungeon |   1801 |   1801 |      0 |    480 |    491 |   2 |  900.5 |
               +--------+--------+--------+--------+--------+-----+--------+

Top non-repeatable levels by time:
     D:2: 1178 daAuts
     D:1: 622 daAuts
